 Dungeon Crawl Stone Soup version 0.13.1-28-g3517093 (console) character file.

34465 Revolution the Severer (level 13, -17/181 HPs)
             Began as a Deep Dwarf Berserker on Mar 2, 2014.
             Was a High Priest of Trog.
             Demolished by an orc warlord
             ... wielding a +2,+3 great mace of protection
              (26 damage)
             ... on Level 4 of the Orcish Mines.
             The game lasted 01:21:22 (7322 turns).

Revolution the Severer (Deep Dwarf Berserker)       Turns: 7322, Time: 01:21:22

HP -17/181       AC 27     Str 27      XL: 13   Next: 36%
MP  12/12        EV  7     Int  5 (8)  God: Trog [*****.]
Gold 1117        SH  0     Dex 13      Spells:  0 memorised, 12 levels left

Res.Fire  : . . .   See Invis. : +   d - +2 dwarf battleaxe (freeze)
Res.Cold  : . . .   Warding    : .   k - +3 plate armour
Life Prot.: . . .   Conserve   : +   (no shield)
Res.Poison: .       Res.Corr.  : .   (no helmet)
Res.Elec. : .       Clarity    : .   (no cloak)
Sust.Abil.: . .     Spirit.Shd : .   (no gloves)
Res.Mut.  : .       Stasis     : .   (no boots)
Res.Rott. : .       Flight     : .   C - amulet of conservation
Saprovore : . . .                    W - ring of see invisible
                                     g - +3 ring of protection

@: non-regenerating, berserking (expiring), mildly poisoned, very slightly
contaminated, very quick, quite resistant to hostile enchantments, extremely
unstealthy
A: damage resistance, recharge devices, blurry vision 3, sense surroundings 2,
slow healing 3, AC +5, Dex -3
a: Device Recharging, Burn Spellbooks, Berserk, Trog's Hand, Brothers in Arms,
Renounce Religion


You were on level 4 of the Orcish Mines.
You worshipped Trog.
Trog was extremely pleased with you.
You were very hungry.

You visited 3 branches of the dungeon, and saw 24 of its levels.

You collected 1153 gold pieces.
You spent 56 gold pieces at shops.

Inventory:

Hand weapons
 d - a +2,+2 dwarven battleaxe of freezing (weapon)
 i - a +0,+0 battleaxe
 o - a +0 orcish blowgun
 I - a +2,+1 war axe
Missiles
 r - a throwing net (quivered)
Armour
 k - a +3 plate armour (worn)
 p - a +2 orcish plate armour
 P - a cursed +0 large shield
Magical devices
 c - a wand of heal wounds (4)
 x - a wand of digging (6) {unknown}
 F - a wand of disintegration (14)
 G - a wand of fire (7) {unknown}
 J - a wand of lightning (1)
 Q - a wand of fireball (5) {unknown}
Comestibles
 a - 9 bread rations
 u - 2 royal jellies
 V - a meat ration
Scrolls
 e - a scroll of fear {unknown}
 l - a scroll of curse armour {unknown}
 m - 12 scrolls of remove curse
 q - 2 scrolls of enchant weapon I
 H - a scroll of enchant weapon III {unknown}
 L - a scroll of recharging {unknown}
 M - a scroll of teleportation {unknown}
 U - a scroll of torment {unknown}
 Z - a scroll of curse weapon {unknown}
Jewellery
 g - a +3 ring of protection (left hand)
 A - an uncursed ring of fire
 C - an amulet of conservation (around neck)
 D - an uncursed ring of sustain abilities
 W - a ring of see invisible (right hand)
Potions
 f - 5 potions of speed
 h - 7 potions of curing
 s - a potion of might
 t - a potion of restore abilities
 v - 2 potions of confusion {unknown}
 z - a potion of brilliance
 S - a potion of cure mutation
Books
 w - a book of Callings

   Spells                             Type                      Level
   Summon Small Mammal                Summoning                    1
   Call Imp                           Summoning                    2
   Call Canine Familiar               Summoning                    3
   Summon Scorpions                   Summoning/Poison             4
   Summon Ice Beast                   Ice/Summoning                4
   Trog disapproves of the use of such an item.
 y - a book of Clouds

   Spells                             Type                      Level
   Mephitic Cloud                     Conjuration/Poison/Air       3
   Conjure Flame                      Conjuration/Fire             3
   Poisonous Cloud                    Conjuration/Poison/Air       6
   Freezing Cloud                     Conjuration/Ice/Air          6
   Ring of Flames                     Charms/Fire                  7
   Trog disapproves of the use of such an item.
Magical staves
 b - an uncursed staff of power {unknown}
Rods
 B - a +0 rod of warding (10/10)
   (You found it on level 11 of the Dungeon)
 E - a +1 rod of demonology (11/11)
   (You found it on level 10 of the Dungeon)


   Skills:
 + Level 10.5 Fighting
 * Level 16.4 Axes
 + Level 13.9 Armour
 - Level 2.3 Dodging


You had 12 spell levels left.
You didn't know any spells.

Dungeon Overview and Level Annotations

Branches:
Dungeon (12/27)               Orc (4/4) D:7            Lair (8/8) D:11
  Swamp (0/5) Lair:3        Snake (0/5) Lair:6        Slime (0/6) Lair:6
 Temple: D:4-7          Elf: Orc:3-4

Altars:
Zin
Jiyva

Shops:
D:4 }(?/


Innate Abilities, Weirdness & Mutations

You are resistant to damage.
You can recharge devices by infusing magical energy.
You passively map the area around you.
You do not heal naturally.
You are partially covered in molten scales (AC +1).
You are partially covered in rough black scales (AC +4, Dex -1).
Your vision is extremely blurry.
You are clumsy. (Dex -2)


Message History

Here: an orc warlord, wielding a glowing great mace and wearing an orcish plate armour (heavily wounded)
The floor, spattered with blood.
Unknown command.
Unknown command.
Unknown command.
Unknown command.
You closely miss the ufetubus. You hit the orc warlord.
You freeze the orc warlord.
The orc warlord is severely wounded.
You slice the ufetubus!! You freeze the ufetubus.
You kill the ufetubus!
The ynoxinul gestures.
The ufetubus hits you but does no damage.
The ufetubus barely misses you.
You slash the orc warlord! You freeze the orc warlord!
The orc warlord is almost dead.
You barely miss the rotting devil.
Your plate armour prevents you from hitting the ufetubus.
The orc warlord hits you with a glowing great mace!
You die...

##....# #..#
#...... , #.....#
#..# #....⌠,,,
##....## #..#
#...., #####)# #..#
*... , #.##
#.5###.... * * ###
##.........,
##o53....... ,,, ,,
##.)4o5..### *
#..5@...## , * , #
#....[.## * , ###
#.## #.....## , ∩
..###...# ####### *
* .......#
######### .......##
###......##
........# ##
##..#....#..
...#.#.##
##.#####...........
......#
#....#.........##.#


You could see an orc warlord, a ynoxinul, a rotting devil, an orc priest
(frenzied) and 4 ufetubi.

Vanquished Creatures
  2 hydras (Lair:6)
  Harold (Orc:2)
  A deep troll shaman (Lair:8)
  5 death yaks (Lair:8)
  4 orc high priests (Orc:4)
  A catoblepas (Lair:8)
  2 ice devils (Orc:4)
  3 orc knights (Orc:4)
  A lindwurm (Lair:8)
  3 orc sorcerers (Orc:4)
  A griffon (Lair:8)
  A sixfirhy (Orc:4)
  3 black mambas
  2 spiny frogs (Lair:6)
  5 elephants (Lair:8)
  An orange demon (D:11)
  A fire drake (Lair:6)
  2 hellwings (Orc:4)
  The ghost of Revolution the Chopper, an average DDGl (D:8)
  3 komodo dragons
  2 trolls
  A queen bee (D:10)
  A two-headed ogre (D:9)
  2 chaos spawn (Orc:4)
  3 grizzly bears
  7 blink frogs
  2 neqoxecs
  A ynoxinul (Orc:4)
  A wyvern (D:10)
  A shark (D:11)
  A wraith (D:11)
  9 yaks
  14 wolves
  7 soldier ants (Lair:7)
  4 hippogriffs
  3 nagas (Lair:6)
  A swamp drake (Lair:3)
  18 orc warriors
  6 porcupines
  2 sky beasts
  A yellow wasp (D:11)
  A black bear (Lair:8)
  8 crocodiles
  A phantom (D:7)
  2 giant goldfish (D:11)
  4 ogres
  Duvessa (D:5)
  2 giant slugs (Lair:8)
  A warg (Orc:4)
  4 giant frogs
  7 water moccasins
  6 agate snails
  20 killer bees
  A jellyfish (D:11)
  7 electric eels
  Dowan (D:5)
  2 goliath beetles
  3 wights (D:8)
  4 crimson imps
  12 hounds
  25 orc priests
  A scorpion (D:7)
  3 jellies
  3 quasits
  12 worker ants
  21 orc wizards
  3 iguanas
  14 big fish
  A hound zombie (D:11)
  3 adders
  2 giant centipedes
  11 green rats
  A giant mite (Lair:5)
  A white imp (Orc:4)
  11 ufetubi (Orc:4)
  2 worms
  3 giant geckos
  107 orcs
  A giant cockroach (D:7)
  10 hobgoblins
  3 quokkas
  8 bats
  10 goblins
  4 jackals
  6 kobolds
  An orc zombie (Orc:4)
  6 rats
  4 fungi
  4 plants
498 creatures vanquished.

Vanquished Creatures (collateral kills)
  2 soul eaters (Orc:4)
  An orange demon (Orc:4)
  A red devil (Orc:4)
  A blue devil (Orc:4)
  An orc wizard (Orc:4)
  4 ufetubi (Orc:4)
  2 orcs (Orc:4)
12 creatures vanquished.

Vanquished Creatures (others)
  A two-headed ogre (Orc:4)
  An orc (Orc:4)
  A bat (Lair:3)
  A fungus (Lair:5)
  A plant (Lair:5)
5 creatures vanquished.

Grand Total: 515 creatures vanquished

Notes
Turn   | Place    | Note
--------------------------------------------------------------
     0 | D:1      | Revolution, the Deep Dwarf Berserker, began the quest for the Orb.
     0 | D:1      | Reached XP level 1. HP: 21/21 MP: 0/0
   302 | D:1      | Reached XP level 2. HP: 21/28 MP: 1/1
   518 | D:2      | Acquired Trog's second power
   766 | D:3      | Reached XP level 3. HP: 18/36 MP: 2/2
   803 | D:4      | Found Yjegae's Weapon Emporium.
   837 | D:4      | Found Mnen Setso's Magical Wand Shoppe.
   897 | D:4      | Reached skill level 4 in Axes
   897 | D:4      | HP: 1/54 [orc priest/divine providence (11)]
   898 | D:4      | Reached XP level 4. HP: 1/43 MP: 3/3
   903 | D:4      | Reached XP level 5. HP: 3/50 MP: 4/4
   921 | D:4      | Found Muteibbeub's Magic Scroll Shoppe.
   990 | D:4      | Bought a scroll of identify for 28 gold pieces
   990 | D:4      | Bought a scroll of identify for 28 gold pieces
  1008 | D:4      | Found Secoitia's Gadget Emporium.
  1063 | D:5      | Entered Level 5 of the Dungeon
  1063 | D:5      | Noticed Duvessa
  1063 | D:5      | Noticed Dowan
  1068 | D:5      | Killed Duvessa
  1068 | D:5      | Reached skill level 5 in Axes
  1068 | D:5      | Reached XP level 6. HP: 57/57 MP: 5/5
  1072 | D:5      | Killed Dowan
  1110 | D:5      | Noticed a sky beast
  1131 | D:5      | Killed a sky beast
  1131 | D:5      | Reached skill level 5 in Armour
  1220 | D:6      | Reached skill level 6 in Axes
  1220 | D:6      | Reached XP level 7. HP: 37/64 MP: 6/6
  1379 | D:7      | Reached skill level 7 in Axes
  1390 | D:7      | Reached XP level 8. HP: 39/73 MP: 7/7
  1559 | D:7      | Found a staircase to the Orcish Mines.
  1583 | D:7      | Acquired Trog's third power
  1583 | D:7      | Reached skill level 5 in Fighting
  1726 | D:8      | Noticed Revolution's ghost (average DDGl)
  1741 | D:8      | Killed Revolution's ghost
  1741 | D:8      | Reached skill level 8 in Axes
  1750 | D:8      | Gained mutation: You are partially covered in rough black scales (AC +4, Dex -1). [potion of mutation]
  1750 | D:8      | Gained mutation: Your vision is a little blurry. [potion of mutation]
  1750 | D:8      | Gained mutation: You are partially covered in molten scales (AC +1). [potion of mutation]
  1904 | D:8      | Gained mutation: You passively map the area around you. [level up]
  1904 | D:8      | Reached XP level 9. HP: 81/81 MP: 8/8
  1968 | D:9      | Reached skill level 9 in Axes
  2146 | D:10     | Entered Level 10 of the Dungeon
  2206 | D:9      | Found a glowing silver altar of Zin.
  2472 | D:10     | Reached skill level 10 in Axes
  2497 | D:10     | Reached skill level 10 in Armour
  2669 | D:11     | Reached XP level 10. HP: 54/91 MP: 9/9
  2678 | D:11     | Identified a +1 rod of demonology (11/11) (You found it on level 10 of the Dungeon)
  2786 | D:11     | Gained mutation: Your vision is quite blurry. [a neqoxec]
  2882 | D:11     | Found a staircase to the Lair.
  2898 | D:11     | Reached skill level 11 in Axes
  2972 | Lair:1   | Entered Level 1 of the Lair of Beasts
  3162 | Lair:4   | Reached skill level 12 in Axes
  3317 | Lair:3   | Found a staircase to the Swamp.
  3390 | Lair:3   | Noticed a black mamba
  3394 | Lair:3   | Killed a black mamba
  3394 | Lair:3   | Reached XP level 11. HP: 70/99 MP: 10/10
  3594 | Lair:1   | You fall through a shaft!
  3607 | Lair:4   | Noticed a black mamba
  3623 | Lair:4   | Killed a black mamba
  3733 | Lair:4   | Got a flickering iron ring
  3760 | Lair:5   | Identified the ring of Yxeu {Str+1 Stlth++} (You found it on level 4 of the Lair of Beasts)
  4009 | Lair:6   | Noticed a six-headed hydra
  4028 | Lair:6   | Noticed a five-headed hydra
  4028 | Lair:6   | Killed a 17-headed hydra
  4028 | Lair:6   | Reached skill level 13 in Axes
  4118 | Lair:6   | Killed a five-headed hydra
  4292 | Lair:6   | Found a staircase to the Snake Pit.
  4335 | Lair:6   | Found a viscous altar of Jiyva.
  4335 | Lair:6   | Found a staircase to the Slime Pits.
  4507 | Lair:6   | Reached skill level 14 in Axes
  4789 | Lair:7   | Reached XP level 12. HP: 110/110 MP: 11/11
  4870 | Lair:8   | Entered Level 8 of the Lair of Beasts
  5335 | Lair:8   | Reached skill level 15 in Axes
  5548 | Lair:8   | Reached skill level 10 in Fighting
  6283 | Orc:1    | Entered Level 1 of the Orcish Mines
  6505 | Orc:2    | Noticed Harold
  6522 | Orc:2    | Killed Harold
  6640 | Orc:4    | Entered Level 4 of the Orcish Mines
  6782 | Orc:3    | Reached XP level 13. HP: 120/120 MP: 12/12
  7043 | Orc:4    | Gained mutation: Your vision is extremely blurry. [a neqoxec]
  7044 | Orc:4    | Gained mutation: You are clumsy. (Dex -2) [a neqoxec]
  7097 | Orc:4    | Reached skill level 16 in Axes
  7210 | Orc:4    | Received a gift from Trog
  7214 | Orc:4    | Identified a +0 rod of warding (10/10) (You found it on level 11 of the Dungeon)
  7304 | Orc:4    | Noticed an orc warlord
  7319 | Orc:4    | HP: 9/181 [orc warlord/glowing great mace (16)]
  7322 | Orc:4    | Demolished by an orc warlord

Action                   |  1- 3 |  4- 6 |  7- 9 | 10-12 | 13-15 || total
-------------------------+-------+-------+-------+-------+-------++-------
Melee: Hand axe          |    67 |    25 |       |       |       ||    92
       Battleaxe         |       |    43 |   338 |   933 |   178 ||  1492
       War axe           |       |       |    21 |       |       ||    21
       Rod               |       |       |       |    15 |       ||    15
Invok: Trog's Hand       |     1 |     5 |    14 |    48 |     9 ||    77
       Berserk           |     1 |     3 |     8 |    13 |     3 ||    28
       Brothers in Arms  |       |       |       |       |     2 ||     2
Evoke: Rod               |       |       |       |     2 |       ||     2
       Wand              |       |       |       |    10 |     3 ||    13
  Use: Scroll            |       |     5 |     5 |     6 |     1 ||    17
       Potion            |       |       |     3 |     2 |     6 ||    11
